 Dungeon Crawl Stone Soup version 0.26-a0-812-g31a745ddcd (webtiles) character file.

Game seed: 4776295200643769452

58 kae the Insei (level 4, -2/25 HPs)
             Began as a Tengu Transmuter on Nov 23, 2020.
             Was an Initiate of Wu Jian.
             Slain by a gnoll
             ... wielding a +1 whip of flaming
              (3 damage)
             ... on level 1 of the Dungeon.
             The game lasted 00:01:23 (1504 turns).

kae the Insei (Tengu Transmuter)                    Turns: 1504, Time: 00:01:23

Health: -2/25      AC:  2    Str: 12    XL:     4   Next: 1%
Magic:  8/8        EV: 13    Int: 13    God:    Wu Jian [......]
Gold:   33         SH:  0    Dex: 14    Spells: 3/7 levels left

rFire    . . .     SeeInvis .   b - +0 spear
rCold    . . .     Faith    .   (no shield)
rNeg     . . .     Spirit   .   a - +0 robe
rPois    .         Reflect  .   (helmet restricted)
rElec    .         Harm     .   (no cloak)
rCorr    .         Rampage  .   (no gloves)
MR       .....                  (boots unavailable)
Stlth    +.........             (no amulet)
HPRegen  0.08/turn              (no ring)
MPRegen  0.11/turn              (no ring)

@: invisible
A: beak, talons 3
a: Renounce Religion


You were on level 1 of the Dungeon.
You worshipped Wu Jian.
Wu Jian was noncommittal.
You visited 1 branch of the dungeon, and saw 2 of its levels.

You collected 33 gold pieces.

Inventory:

Hand Weapons
 b - a +0 spear (weapon)
Armour
 a - a +0 robe (worn)
Potions
 e - a potion of curing


   Skills:
 + Level 1.5 Fighting
 + Level 1.0 Armour
 + Level 2.6 Dodging
 * Level 3.8 Unarmed Combat
 + Level 2.2 Spellcasting
 * Level 2.1 Transmutations


You had 3 spell levels left.
You knew the following spells:

 Your Spells              Type           Power        Failure   Level
a - Beastly Appendage     Tmut           #.....       10%         1
b - Spider Form           Tmut/Pois      #.........   43%         3

Your spell library contained the following spells:

 Spells                   Type           Power        Failure   Level
 Wereblood                Tmut           #.......     16%         2
 Ice Form                 Ice/Tmut       #.......     85%         4
 Blade Hands              Tmut           #.........   95%         5


Dungeon Overview and Level Annotations

Branches:
Dungeon (2/15)

Altars:
Wu Jian


Innate Abilities, Weirdness & Mutations

You have a beak for a mouth.
You have claws for feet.


Message History

The gnoll burns you.
Your horns disappear.
There is a stone staircase leading down here.
Things that are here:
a cursed +0 club; a hobgoblin skeleton
There is a stone staircase leading up here.
The gnoll hits you with a +1 whip of flaming!
* * * LOW HITPOINT WARNING * * *
The gnoll burns you.
* * * LOW HITPOINT WARNING * * *
You climb upwards.
There is a stone staircase leading down here.
The gnoll barely misses you.
Okay, then.
It was a potion of invisibility.
You fade into invisibility!
The gnoll hits you with a +1 whip of flaming!
* * * LOW HITPOINT WARNING * * *
The gnoll burns you.
You die...

.# #.#.##*#..##.#
#.....####..#
.####.#.###8..8#.#
##...## #..#
......#.##..>....#
##..# #...
.######.##.†....##
##.#####...
..........#8..8##
#.....#...
#######(####..##
#.###.#... .#
#.......####
#.+<'.#... .#
#.#####.#
################...
.###.# #.#
#.@g...............
.....# #.#
#.##############...
####.# #.# #.# #...
#.#####.####.######
##...
#.............).(.#
#....
######.......####.#
#.... ######### #.#
#...#
#.########...#
#........†..#.


You could see a gnoll.

Vanquished Creatures
  2 gnolls (D:2)
  3 dart slugs (D:1)
  A leopard gecko (D:1)
  A giant cockroach (D:1)
  2 goblins (D:2)
  5 hobgoblins
  3 jackals (D:1)
  4 bats
  A frilled lizard (D:1)
  4 kobolds
  3 rats (D:1)
29 creatures vanquished.

Notes
Turn   | Place    | Note
-------+----------+-------------------------------------------
     0 | D:1      | kae the Tengu Transmuter began the quest for the Orb.
     0 | D:1      | Reached XP level 1. HP: 12/12 MP: 4/4
   191 | D:1      | Reached XP level 2. HP: 12/16 MP: 4/6
   947 | D:1      | Reached XP level 3. HP: 20/20 MP: 7/7
   952 | D:1      | Learned a level 3 spell: Spider Form
  1192 | D:2      | Found an ornate altar of the Wu Jian Council.
  1197 | D:2      | Became a worshipper of the Wu Jian Council
  1388 | D:2      | Reached skill level 1 in Armour
  1388 | D:2      | Reached XP level 4. HP: 15/25 MP: 6/8
  1504 | D:1      | HP: 1/25 [gnoll/+1 whip of flaming (9)]
  1504 | D:1      | Slain by a gnoll

Illustrated notes

Levels and vault maps discovered:
D:1:      dpeg_arrival_tiny_c, layout_loops_ring, st_stairs_6,
          minmay_misc_feat_secret_circle, fountainhead, minmay_box_of_dots
D:2:      layout_basic, overflow_temple_1_default

Skill      XL: |  1  2  3 |
---------------+----------+-----
Transmutations | 2 |  2.1
Armour         | 1 |  1.0
Fighting       | |  1.5
Dodging        | |  2.6
Unarmed Combat | |  3.8
Spellcasting   | |  2.2

Action                   |  1- 3 |  4- 6 || total
-------------------------+-------+-------++-------
Melee: Spear             |    79 |       ||    79
       Peck              |    10 |       ||    10
       Unarmed           |     2 |       ||     2
       Kick              |    17 |       ||    17
       Headbutt          |     1 |       ||     1
       Punch             |     1 |       ||     1
 Cast: Beastly Appendage |    18 |       ||    18
  Use: Scroll            |     5 |       ||     5
       Potion            |       |     1 ||     1
 Stab: Sleeping          |     3 |       ||     3
Armor: Robe              |     8 |       ||     8
Dodge: Dodged            |    52 |     1 ||    53

Table legend: (Time is in decaauts)
 A = Elapsed time spent in this place.
 B = Non-inter-level travel time spent in this place.
 C = Inter-level travel time spent in this place.
 D = Time resting spent in this place.
 E = Time spent auto-exploring this place.
 F = Levels seen in this place.
 G = Mean time per level.
                   A        B        C        D        E       F      G
               +--------+--------+--------+--------+--------+-----+--------+
         Total |   1511 |   1504 |      7 |      0 |   1161 |   2 |  755.5 |
       Dungeon |   1511 |   1504 |      7 |      0 |   1161 |   2 |  755.5 |
               +--------+--------+--------+--------+--------+-----+--------+

Top non-repeatable levels by time:
     D:1: 1284 daAuts
     D:2: 226 daAuts
